 Dungeon Crawl Stone Soup version 0.29.1-4-g47bece8355 (webtiles) character file.

Game seed: 3829195969244022025

50 GigaChad the Shield-Bearer (level 4, 0/35 HPs)
             Began as a Human Fighter on Dec 6, 2022.
             Slain by an orc priest
             ... wielding a +0 short sword
              (5 damage)
             ... on level 2 of the Dungeon.
             The game lasted 00:01:52 (1503 turns).

GigaChad the Shield-Bearer (Human Fighter)          Turns: 1503, Time: 00:01:52

Health: 0/35       AC:  6    Str: 19    XL:     4   Next: 4%
Magic:  4/4        EV:  9    Int:  8    God:
Gold:   138        SH:  4    Dex: 12    Spells: 3/3 levels left

rFire   . . .      SeeInvis .   a - +0 war axe
rCold   . . .      Faith    .   c - +0 buckler
rNeg    . . .      Spirit   .   b - +0 scale mail
rPois   .          Reflect  .   (no helmet)
rElec   .          Harm     .   (no cloak)
rCorr   .          Rampage  .   (no gloves)
Will    .....                   (no boots)
Stlth   ..........              (no amulet)
HPRegen 0.11/turn               (no ring)
MPRegen 0.09/turn               (no ring)

@: no status effects
A: no striking features
a: no special abilities


You were on level 2 of the Dungeon.
You visited 1 branch of the dungeon, and saw 2 of its levels.

You collected 138 gold pieces.

Inventory:

Hand Weapons
 a - a +0 war axe (weapon)
Missiles
 k - 2 javelins (quivered)
Armour
 b - a +0 scale mail (worn)
 c - a +0 buckler (worn)
Scrolls
 e - a scroll of identify {unknown}
 f - a scroll of fear {unknown}
 g - a scroll of silence {unknown}
 h - a scroll of fog {unknown}
 i - a scroll of acquirement {unknown}
Potions
 d - a potion of might
 j - a potion of heal wounds {unknown}
 l - a potion of mutation {unknown}


   Skills:
 + Level 3.2 Fighting
 + Level 2.7 Axes
 + Level 0.1 Throwing
 + Level 3.3 Armour
 + Level 0.3 Dodging
 + Level 0.2 Stealth
 + Level 3.4 Shields


You had 3 spell levels left.
You didn't know any spells.
Your spell library contained the following spells:

 Spells                   Type           Power      Damage    Failure   Level
 Apportation              Tloc           0%         N/A       86%         1
 Alistair's Intoxication  Tmut/Pois      0%         N/A       100%        5


Dungeon Overview and Level Annotations

Branches:
Dungeon (2/15)

Altars:

Shops:
D:1 (


Message History

There are monsters nearby!
You throw a javelin. The javelin pierces through the orc.
The orc is heavily wounded.
You block the orc's attack. The orc hits you with a +0 club.
You block the orc's attack.
The orc priest invokes the aid of Beogh against you.
Beogh smites you!
You closely miss the orc. x2; The orc misses you.
The orc hits you with a +0 mace.
You hit the orc.
The orc is lightly wounded.
You completely miss the orc. The orc hits you with a +0 club.
The orc closely misses you. The orc hits you but does no damage.
The orc barely misses you. You block the orc priest's attack.
You closely miss the orc.
The orc is lightly wounded.
You closely miss the orc.
You hit the orc priest but do no damage.
You block the orc's attack. The orc closely misses you.
The orc priest mumbles some strange prayers to Beogh against you.
Pain shoots through your body!
You hit the orc.
You kill the orc!
You closely miss the orc priest. You hit the orc.
You kill the orc!
The orc priest closely misses you.
The orc priest hits you with a +0 short sword.
* * * LOW HITPOINT WARNING * * *
You have reached level 4!
You feel stronger. The orc priest closely misses you.
You hit the orc priest but do no damage.
The orc priest hits you with a +0 short sword.
* * * LOW HITPOINT WARNING * * *
You slash the orc priest!
The orc priest is severely wounded.
You closely miss the orc. The orc closely misses you.
The orc hits you but does no damage. You block the orc priest's attack.
The orc priest hits you with a +0 short sword.
You die...

...#.....#.###oo$###.#####.#####.
##.#.##..#.##.....##.# #. ##
#...##..#.#.......#.#
#.#.....#.#.#...#.#.# #.#.#...#
#.......#.#####.# #.#.#...#
#.......#.......#
#.#.#...#.#.......#..######
#.#.##..#.#.#...#.#..# #######
#.#.##..#.#...o@))#..# #.....#
..#.##........o......####.....
#.##...###.....###.........#
#..............# ....#....#
#..#...#######.# ###.#....# #
#..#...## #.# #.#....# #
#..#....## #.#.# #.#....###
.......#..## #.#.# #.#.###)..
.......##..## #.#.####.#.# #...


You could see an orc priest and an orc.

Vanquished Creatures
  An adder (D:2)
  A dart slug (D:1)
  2 orcs (D:2)
  6 bats
  2 endoplasms (D:2)
  2 giant cockroaches (D:2)
  3 goblins
  2 hobgoblins
  6 jackals (D:2)
  A kobold (D:2)
  2 frilled lizards (D:1)
  5 rats
33 creatures vanquished.

Notes
Turn   | Place    | Note
-------+----------+-------------------------------------------
     0 | D:1      | GigaChad the Human Fighter began the quest for the Orb.
     0 | D:1      | Reached XP level 1. HP: 18/18 MP: 1/1
    41 | D:1      | Found a faded altar of an unknown god.
    93 | D:1      | Found Viliov's Antique Weapon Emporium.
   213 | D:1      | Reached XP level 2. HP: 16/24 MP: 2/2
   720 | D:2      | Reached XP level 3. HP: 9/29 MP: 3/3
  1500 | D:2      | Reached XP level 4. HP: 6/35 MP: 4/4
  1503 | D:2      | Slain by an orc priest

Illustrated notes

Levels and vault maps discovered:
D:1:      nicolae_arrival_memento_mori, layout_basic,
          ebering_ecumenical_altar_rust, serial_shops, shop
D:2:      cheibrodos_pilgrimage, layout_basic, minmay_strange_pillars,
          nicolae_shop_vocational

Action                   |  1- 3 |  4- 6 || total
-------------------------+-------+-------++-------
Melee: War axe           |    69 |     2 ||    71
Throw: Javelin           |     3 |       ||     3
Armor: Scale mail        |    78 |     1 ||    79
Dodge: Dodged            |    58 |     2 ||    60
Block: Buckler           |    40 |     1 ||    41
